 Dungeon Crawl Stone Soup version 0.24.1 (webtiles) character file.

Game seed: 7410609048038283746, levelgen mode: deterministic

216 Descartes the Covered (level 5, 0/35 HPs)
             Began as a Gargoyle Wanderer on Apr 4, 2020.
             Slain by an ogre
             ... wielding a +0 giant club
              (3 damage)
             ... on level 4 of the Dungeon.
             The game lasted 00:07:01 (2321 turns).

Descartes the Covered (Gargoyle Wanderer)           Turns: 2321, Time: 00:07:01

Health: 0/35       AC: 14    Str: 15    XL:     5   Next: 93%
Magic:  5/5        EV:  9    Int: 14    God:
Gold:   140        SH:  0    Dex:  9    Spells: 4/4 levels left

rFire    + . .     SeeInvis .   p - +0 hand axe (elec)
rCold    . . .     Gourm    .   (no shield)
rNeg     + + .     Faith    .   b - +2 scale mail
rPois    ∞         Spirit   .   (no helmet)
rElec    +         Reflect  .   (no cloak)
rCorr    .         Harm     .   (no gloves)
MR       .....                  w - +0 pair of boots (curse)
Stlth    ..........             e - amulet of regeneration
HPRegen  0.51/turn              a - ring of positive energy
MPRegen  0.09/turn              t - ring of protection from fire

@: no status effects
A: negative energy resistance 1, electricity resistance, unbreathing,
petrification resistance, rot immunity, AC +4
a: no special abilities


You were on level 4 of the Dungeon.
You were not hungry.

You visited 1 branch of the dungeon, and saw 4 of its levels.

You collected 140 gold pieces.

Inventory:

Hand Weapons
 p - a +0 hand axe of electrocution (weapon)
 u - a +3 dagger
 C - a +0 short sword of venom
Missiles
 h - 86 stones (quivered)
 i - 53 sling bullets
 j - 23 bolts
 m - 32 arrows
 r - 8 boomerangs
Armour
 b - a +2 scale mail (worn)
 w - a cursed +0 pair of boots (worn)
Jewellery
 a - a ring of positive energy (left hand)
 e - an amulet of regeneration (around neck)
 t - a ring of protection from fire (right hand)
Wands
 v - a wand of acid (10)
 y - a wand of polymorph (9)
Scrolls
 l - a scroll of amnesia {unknown}
 q - a scroll of remove curse {unknown}
 s - a scroll of magic mapping {unknown}
 x - a scroll of identify {unknown}
 B - a scroll of enchant armour {unknown}
Potions
 c - a potion of lignification
 f - a potion of curing {unknown}
 g - 2 potions of agility {unknown}
 k - a potion of brilliance {unknown}
 n - 2 potions of cancellation
 o - a potion of might {unknown}
 A - a potion of flight {unknown}
Comestibles
 d - 6 rations


   Skills:
 + Level 5.4 Fighting
 - Level 1.0 Short Blades
 + Level 5.4 Armour
 - Level 1.1 Stealth
   Level 2.1 Shields


You had 4 spell levels left.
You didn't know any spells.
Your spell library was empty.

Dungeon Overview and Level Annotations

Branches:
Dungeon (4/15)
 Temple: D:4-7

Altars:


Innate Abilities, Weirdness & Mutations

You are resistant to torment.
Your stone body is resilient. (AC +4)
You are immune to poison.
You resist negative energy. (rN+)
You are resistant to electric shocks. (rElec)
You can survive without breathing.
You are immune to petrification.
You are immune to rotting.


Message History

The ogre hits you with a +0 giant club! The orc barely misses you.
The orc wizard barely misses you. The orc closely misses you.
The orc priest hits you with a +0 flail.
* * * LOW HITPOINT WARNING * * *
You are too injured to fight recklessly!
You are too injured to fight recklessly!
You slash the orc priest!
Lightning courses through the orc priest!
You kill the orc priest!
You hit the ogre but do no damage. You closely miss the orc.
You hit the orc wizard but do no damage.
Lightning courses through the orc wizard!
You kill the orc wizard!
You hit the orc. The ogre hits you with a +0 giant club!
* * * LOW HITPOINT WARNING * * *
The orc hits you but does no damage. x2
It was a potion of cancellation.
You feel magically purged. The orc completely misses you.
The orc barely misses you. x2
The ogre hits you with a +0 giant club.
You die...

#..............
#..............
#..............
#..............
#..............
#.............$
#.....o)o......
###...@O...... #.
##......o......
#.##........$.....
#.##..$...........
#.##.......(......
#.##.......#+#+#+#
#.###....###.
#.###.........
#.............


You could see an ogre and 3 orcs.

Vanquished Creatures
  An orc priest (D:4)
  An orc wizard (D:4)
  3 gnolls (D:3)
  4 adders
  4 oozes
  A dart slug (D:2)
  2 leopard geckos
  4 orcs (D:3)
  3 bats (D:2)
  4 giant cockroaches
  10 goblins
  5 hobgoblins
  8 kobolds
  2 quokkas
  2 ball pythons (D:2)
  2 frilled lizards
  15 rats
71 creatures vanquished.

Notes
Turn   | Place    | Note
-------+----------+-------------------------------------------
     0 | D:1      | Descartes the Gargoyle Wanderer began the quest for the
                  | Orb.
     0 | D:1      | Descartes set off with the following items: a +0 short
                  | sword, a +2 scale mail, a potion of lignification, a ration
     0 | D:1      | Reached XP level 1. HP: 14/14 MP: 1/1
    83 | D:1      | Reached XP level 2. HP: 11/19 MP: 2/2
   255 | D:1      | Reached XP level 3. HP: 16/24 MP: 3/3
  1160 | D:2      | Reached XP level 4. HP: 30/30 MP: 4/4
  1742 | D:3      | Reached XP level 5. HP: 32/34 MP: 5/5
  1749 | D:3      | Reached skill level 5 in Fighting
  1749 | D:3      | Reached skill level 5 in Armour
  2313 | D:4      | Noticed an ogre
  2321 | D:4      | Slain by an ogre

Levels and vault maps discovered:
D:1:      onia_arrival_larder, layout_loops_ring, nrook_mini_backslash
D:2:      minmay_angry_zag, layout_basic
D:3:      layout_loops_ring
D:4:      layout_basic, serial_shops, shop, palyth_stone_intersect

Skill      XL: |  1  2  3  4  5 |
---------------+----------------+-----
Fighting       | 4 5 |  5.4
Armour         | 4 5 |  5.4
Short Blades   | |  1.0
Stealth        | |  1.1
Shields        | |  2.1

Action                   |  1- 3 |  4- 6 || total
-------------------------+-------+-------++-------
Melee: Short sword       |   104 |       ||   104
       Hand axe          |    43 |    89 ||   132
  Use: Potion            |       |     1 ||     1
  Eat: Chunk             |     1 |     4 ||     5
Armor: Scale mail        |    92 |    76 ||   168
Dodge: Dodged            |    88 |    49 ||   137
